 Dungeon Crawl Stone Soup version 0.28.0-49-g6dfe1f597d (webtiles) character file.

Game seed: 15040318287627978003

2466 Zeld the Cleaver (level 9, 0/84 HPs)
             Began as a Minotaur Berserker on May 19, 2022.
             Was a Priest of Trog.
             Slain by an unseen horror (6 damage)
             ... on level 7 of the Dungeon.
             The game lasted 00:05:08 (7979 turns).

Zeld the Cleaver (Minotaur Berserker)               Turns: 7979, Time: 00:05:09

Health: 0/84       AC: 15    Str: 26    XL:     9   Next: 26%
Magic:  8/8        EV:  9    Int:  4    God:    Trog [***...]
Gold:   289        SH:  0    Dex: 10    Spells: 8/8 levels left

rFire   . . .      SeeInvis .   a - +0 war axe
rCold   . . .      Faith    .   (no shield)
rNeg    . . .      Spirit   .   A - +0 plate armour
rPois   .          Reflect  .   (helmet restricted)
rElec   .          Harm     .   g - +0 cloak
rCorr   .          Rampage  .   (no gloves)
Will    .....                   o - +0 pair of boots
Stlth   ..........              (no amulet)
HPRegen 0.24/turn               (no ring)
MPRegen 0.11/turn               (no ring)

@: on berserk cooldown
A: horns 2, retaliatory headbutt
a: Renounce Religion, Berserk, Trog's Hand


You were on level 7 of the Dungeon.
You worshipped Trog.
Trog was most pleased with you.
You visited 2 branches of the dungeon, and saw 8 of its levels.

You collected 289 gold pieces.

Inventory:

Hand Weapons
 a - a +0 war axe (weapon)
Armour
 g - a +0 cloak (worn)
 o - a +0 pair of boots (worn)
 A - a +0 plate armour (worn)
Wands
 v - a wand of polymorph (17)
 x - a wand of mindburst (13)
Scrolls
 d - 2 scrolls of identify {unknown}
 e - a scroll of fear {unknown}
 f - 2 scrolls of magic mapping {unknown}
 i - 2 scrolls of immolation {unknown}
 k - a scroll of acquirement {unknown}
 n - 4 scrolls of teleportation {unknown}
 q - 2 scrolls of brand weapon {unknown}
 s - 2 scrolls of blinking {unknown}
 u - a scroll of vulnerability {unknown}
 w - a scroll of enchant weapon {unknown}
 y - a scroll of summoning {unknown}
 z - 2 scrolls of enchant armour {unknown}
Potions
 c - a potion of invisibility {unknown}
 h - 2 potions of curing {unknown}
 j - 3 potions of magic {unknown}
 l - a potion of cancellation {unknown}
 m - a potion of heal wounds {unknown}
 p - a potion of mutation {unknown}
 r - a potion of ambrosia {unknown}
 t - 2 potions of resistance {unknown}


   Skills:
 * Level 9.4 Fighting
 * Level 9.5 Axes
 + Level 6.4 Armour
 + Level 5.9 Dodging


You had 8 spell levels left.
You didn't know any spells.
Your spell library was empty.

Dungeon Overview and Level Annotations

Branches:
Dungeon (7/15)             Temple (1/1) D:6

Altars:
Ashenzari
Cheibriados
Dithmenos
Fedhas
Gozag
Hepliaklqana
Kikubaaqudgha
Makhleb
Okawaru
Qazlal
Ru
Sif Muna
Trog
Uskayaw
Vehumet
Wu Jian
Xom
Yredelemnul
Zin
The Shining One

Shops:
D:6 :


Innate Abilities, Weirdness & Mutations

You have a pair of horns on your head.
You reflexively headbutt those who attack you in melee.


Message History

Your skin stops crawling.
You feel less strong-willed. Something hits you.
* * * LOW HITPOINT WARNING * * *
Something hits you but does no damage.
You barely miss something.
Something hits you but does no damage. x3
Your skin crawls.
You feel strong-willed.
Something hits you but does no damage. x2
Something hits you but does no damage. Something hits you!
* * * LOW HITPOINT WARNING * * *
Something hits you but does no damage. Something hits you but does no damage.
Something hits you.
* * * LOW HITPOINT WARNING * * *
You barely miss something. Something hits you.
* * * LOW HITPOINT WARNING * * *
Something hits you but does no damage. x2
Something hits you.
* * * LOW HITPOINT WARNING * * *
You feel yourself speed up. Something hits you but does no damage.
Something hits you but does no damage. Something hits you.
* * * LOW HITPOINT WARNING * * *
Something hits you.
* * * LOW HITPOINT WARNING * * *
You feel the effects of Trog's Hand fading.
Something hits you but does no damage. Something hits you but does no damage.
Found a granite ring.
Something hits you but does no damage.
Your skin stops crawling.
You feel less strong-willed. Something hits you but does no damage.
Something hits you but does no damage. Something hits you.
* * * LOW HITPOINT WARNING * * *
You miss something. Something completely misses you. Something hits you!
* * * LOW HITPOINT WARNING * * *
Aiming: Polymorph
Press: ? - help, Shift-Dir - straight line Nothing appears to happen.
Something hits you.
You die...

#..##. ###.# #..#
.#.##.#
#...##..#..# #
##.##..###.# .#
#.##.#.##.# ..#
#..##.##..# ..=# #.
#[#..## ....#
#..#..######.....#
#..#.#...{@.......
#...#.#.####.......
#...#...# .......
#..###..# .......
... ...# .......
#### ##### .......
....... #######


There were no monsters in sight!

Vanquished Creatures
  Pikel (D:6)
  A troll (D:7)
  Sigmund (D:6)
  A water moccasin (D:5)
  2 orc warriors
  A sky beast (D:6)
  An ogre (D:6)
  A centaur (D:5)
  A bullfrog (D:6)
  A kobold brigand (D:7)
  A scorpion (D:5)
  2 killer bees (D:7)
  A centaur zombie (D:7)
  A centaur skeleton (D:6)
  A bullfrog skeleton (D:6)
  5 hounds
  3 jellies
  4 orc priests (D:5)
  2 iguanas
  5 orc wizards
  6 adders
  A gnoll (D:1)
  2 white imps
  An ufetubus (D:6)
  An adder skeleton (D:4)
  2 worms
  15 orcs
  5 endoplasms
  3 giant cockroaches (D:1)
  6 goblins
  8 hobgoblins
  2 jackals (D:2)
  9 kobolds
  8 quokkas
  2 ball pythons
  3 bats
  2 frilled lizards
  7 rats
119 creatures vanquished.

Notes
Turn   | Place    | Note
-------+----------+-------------------------------------------
     0 | D:1      | Zeld the Minotaur Berserker began the quest for the Orb.
     0 | D:1      | Reached XP level 1. HP: 19/19 MP: 0/0
   443 | D:1      | Reached XP level 2. HP: 23/27 MP: 1/1
   958 | D:1      | Reached XP level 3. HP: 4/33 MP: 2/2
  1470 | D:1      | You fall into a shaft and drop 1 floor!
  1470 | D:2      | Found a faded altar of an unknown god.
  2278 | D:2      | Reached ** piety under Trog
  2675 | D:2      | Reached XP level 4. HP: 41/41 MP: 3/3
  3309 | D:3      | Noticed an air elemental
  3313 | D:3      | Found a stormy altar of Qazlal.
  3315 | D:3      | Noticed an earth elemental
  3315 | D:3      | Noticed a fire elemental
  3315 | D:3      | Noticed a water elemental
  3944 | D:4      | Reached XP level 5. HP: 44/47 MP: 4/4
  4058 | D:4      | Reached skill level 5 in Axes
  4068 | D:4      | Identified the +4 ring mail "Donul" {rF+ Regen+ Dex-5}
  4092 | D:4      | Reached skill level 5 in Fighting
  4610 | D:5      | Entered Level 5 of the Dungeon
  5013 | D:5      | Reached XP level 6. HP: 24/56 MP: 5/5
  5263 | D:5      | Noticed a water moccasin
  5269 | D:5      | Killed a water moccasin
  5369 | D:5      | Reached XP level 7. HP: 56/63 MP: 6/6
  5443 | D:5      | Found a shimmering blue altar of Sif Muna.
  5538 | D:5      | Reached *** piety under Trog
  6040 | D:6      | Noticed Sigmund
  6047 | D:6      | Killed Sigmund
  6048 | D:6      | Reached skill level 5 in Armour
  6048 | D:6      | Reached XP level 8. HP: 68/73 MP: 7/7
  6238 | D:6      | Reached skill level 5 in Dodging
  6725 | D:6      | Noticed Pikel
  6738 | D:6      | Killed Pikel
  6919 | D:6      | Reached XP level 9. HP: 56/82 MP: 8/8
  7152 | D:6      | Found Feppyumn's Book Emporium.
  7190 | D:6      | Found a staircase to the Ecumenical Temple.
  7404 | Temple   | Entered the Ecumenical Temple
  7923 | D:7      | Noticed a troll
  7933 | D:7      | Killed a troll
  7979 | D:7      | Slain by an unseen horror

Illustrated notes

Levels and vault maps discovered:
D:1:      dpeg_arrival_circle_labyrinth_c, layout_loops_corners
D:2:      layout_basic, nicolae_ecumenical_pavilion, kennysheep_generic_room_10
D:3:      wad_pebble_path, layout_basic, nicolae_qazlal_style_of_elements
D:4:      layout_loops_ring
D:5:      layout_basic, nicolae_sif_muna_condensation
D:6:      kennysheep_six_static_rooms, layout_basic, temple_green, serial_shops,
          shop, uniq_pikel, uniq_sigmund
D:7:      layout_basic, solitary_fountain, minmay_manual_macuahuitl
Temple:   hc_temple_tempest_star

Skill      XL: |  1  2  3  4  5  6  7  8  9 |
---------------+----------------------------+-----
Axes           | 4 5 6 7 9 |  9.5
Fighting       | 4 5 6 7 8 9 |  9.4
Armour         | 3 4 5 6 |  6.4
Dodging        | 3 4 5 |  5.9

Action                   |  1- 3 |  4- 6 |  7- 9 || total
-------------------------+-------+-------+-------++-------
Melee: Hand axe          |    73 |    72 |       ||   145
       Headbutt          |    19 |    12 |    21 ||    52
       Punch             |     1 |     1 |     1 ||     3
       War axe           |       |    26 |   129 ||   155
Invok: Berserk           |     1 |     2 |     4 ||     7
       Trog's Hand       |       |       |     2 ||     2
Evoke: Wand              |       |       |     1 ||     1
 Stab: Sleeping          |     2 |       |     1 ||     3
Armor: Animal skin       |    10 |    30 |     8 ||    48
       Plate armour      |       |       |   102 ||   102
Dodge: Dodged            |    39 |    54 |    75 ||   168
